 Dungeon Crawl Stone Soup version 0.31.0-12-g77e489cdc1 (webtiles) character file.

Game seed: 6966916896222106588

189 Ekaitz the Gusty (level 5, -4/29 HPs)
             Began as a Tengu Air Elementalist on Feb 27, 2024.
             Slain by a gnoll
             ... wielding a +0 halberd
              (7 damage)
             ... on level 4 of the Dungeon.
             The game lasted 00:05:50 (3619 turns).

Ekaitz the Gusty (Tengu Air Elementalist)           Turns: 3619, Time: 00:05:51

Health: -4/29      AC:  2    Str:  8    XL:     5   Next: 68%
Magic:  5/10       EV: 12    Int: 18    God:
Gold:   151        SH:  0    Dex: 14    Spells: 3/9 levels left

rFire   . . .        d - +0 dagger
rCold   . . .        (no shield)
rNeg    . . .        a - +0 robe
rPois   .            (helmet restricted)
rElec   .            (no cloak)
rCorr   .            (no gloves)
SInv    .            (boots unavailable)
Will    .....        (no amulet)
Stlth   ++           (no ring)
HPRegen 0.24/turn    (no ring)
MPRegen 0.12/turn

%: acrobat
@: no status effects
A: beak, talons 3, acrobatic
a: no special abilities


You were on level 4 of the Dungeon.
You visited 1 branch of the dungeon, and saw 4 of its levels.

You collected 195 gold pieces.
You spent 44 gold pieces at shops.

Inventory:

Hand Weapons
 d - a +0 dagger (weapon)
Missiles
 g - 6 poisoned darts
Armour
 a - a +0 robe (worn)
 p - the +0 plate armour "Isikoc" {Str+3 Dex+2}
   (You found it on level 3 of the Dungeon)

   Str+3:     It affects your strength (+3).
   Dex+2:     It affects your dexterity (+2).
Magical Staves
 k - a staff of cold
 m - a staff of alchemy
Jewellery
 e - a ring of fire
Talismans
 h - a flux talisman
Scrolls
 f - a scroll of butterflies {unknown}
 l - a scroll of fear {unknown}
 n - a scroll of poison {unknown}
Potions
 b - a potion of magic
 c - 6 potions of curing
 i - a potion of ambrosia
 j - a potion of attraction
 o - a potion of heal wounds {unknown}
 q - a potion of lignification {unknown}


   Skills:
 * Level 1.4 Fighting
 + Level 2.3 Dodging
 + Level 3.1 Stealth
 + Level 2.8 Spellcasting
 * Level 2.7 Conjurations
 * Level 5.8 Air Magic


You had 3 spell levels left.
You knew the following spells:

 Your Spells              Type           Power      Damage    Failure   Level
a - Shock                 Conj/Air       72%        1d7       2%          1
b - Static Discharge      Conj/Air       36%        3-5/arc   4%          2
c - Swiftness             Air            23%        N/A       4%          3

Your spell library contained the following spells:

 Spells                   Type           Power      Damage    Failure   Level
 Apportation              Tloc           4%         N/A       17%         1
 Jinxbite                 Hex            4%         N/A       26%         2
 Airstrike                Air            11%        2d(2-18)  14%         4
 Alistair's Intoxication  Alch           1%         N/A       99%         5


Dungeon Overview and Level Annotations

Branches:
Dungeon (4/15)
 Temple: D:4-7

Altars:
Fedhas
Nemelex Xobeh
Okawaru

Shops:
D:2 *


Innate Abilities, Weirdness & Mutations

You have a beak for a mouth.
You have claws for feet.
You can magically evade attacks while moving or waiting.


Message History

The hound barks!
The zap hits the gnoll.
The gnoll is moderately wounded.
You hear a shout!
A gnoll comes into view. It is wielding a +0 halberd.
Casting: Shock (safe; 3% risk of failure)
Confirm with . or Enter, or press ? or * to list all spells.
Aiming: Shock (safe; 3% risk of failure)
Press: ? - help, Shift-Dir - straight line, f/p - gnoll
Aim: a gnoll, wielding a +0 halberd (moderately wounded, 75% to hit)
The zap hits the hound.
The hound is heavily wounded.
The zap hits the gnoll.
The gnoll is heavily wounded.
Casting: Shock (safe; 3% risk of failure)
Confirm with . or Enter, or press ? or * to list all spells.
Aiming: Shock (safe; 3% risk of failure)
Press: ? - help, Shift-Dir - straight line, f - hound, p - gnoll
Aim: a hound (heavily wounded, 60% to hit)
The zap hits the hound.
The hound is severely wounded.
The zap misses the hound.
Unknown command.
The zap misses the hound.
The zap hits the hound.
The hound is severely wounded.
The hound closely misses you. The hound bites you.
The gnoll closely misses you.
The zap hits the hound.
The hound is almost dead.
The zap hits the gnoll.
The gnoll is almost dead.
The zap hits the gnoll!
You kill the gnoll!
The zap hits the hound.
You kill the hound!
The gnoll hits you from afar with a +0 halberd! x2
* * * LOW HITPOINT WARNING * * *
Unknown command.
The gnoll hits you from afar with a +0 halberd!
You die...

## .# .# ##.#
##..# ##...##
##..(..###
#...@....#
#..g.†.##...#
.....g...g. .


PPPPPP.)..... P~~~~P.##+##.# PPPPPP. # P~~~~P$ PPPPPP. You could see 3 gnolls.

Vanquished Creatures
  A hound (D:4)
  2 gnolls
  5 adders
  4 dart slugs
  A ribbon worm (D:2)
  12 ball pythons
  8 bats
  9 endoplasms
  4 giant cockroaches
  4 goblins
  7 hobgoblins
  7 jackals
  4 kobolds
  A quokka (D:2)
  6 frilled lizards
  5 rats
80 creatures vanquished.

Notes
Turn   | Place    | Note
-------+----------+-------------------------------------------
     0 | D:1      | Ekaitz the Tengu Air Elementalist began the quest for the
                  | Orb.
     0 | D:1      | Reached XP level 1. HP: 10/10 MP: 4/4
   121 | D:1      | Reached XP level 2. HP: 16/16 MP: 0/6
   240 | D:1      | Learned a level 2 spell: Static Discharge
   309 | D:1      | Reached XP level 3. HP: 20/20 MP: 2/7
   313 | D:1      | Learned a level 3 spell: Swiftness
   382 | D:1      | Reached skill level 5 in Air Magic
  1771 | D:2      | Reached XP level 4. HP: 24/24 MP: 6/8
  1992 | D:2      | Found Ifemesyag's General Store.
  1996 | D:2      | Bought 2 scrolls of identify for 44 gold pieces
  2315 | D:2      | Reached skill level 1 in Fighting
  2951 | D:3      | Identified the +0 plate armour "Isikoc" {Str+3 Dex+2}
  3018 | D:3      | Reached XP level 5. HP: 29/29 MP: 5/9
  3180 | D:3      | Found a sparkling altar of Nemelex Xobeh.
  3180 | D:3      | Found a blossoming altar of Fedhas.
  3181 | D:3      | Found an iron altar of Okawaru.
  3619 | D:4      | Slain by a gnoll

Illustrated notes

Levels and vault maps discovered:
D:1:      tarquinn_simple_flora_water_c, layout_basic
D:2:      layout_basic, serial_shops, nicolae_shop_pleasant_corner_grove,
          roderic_filled_cross, kennysheep_nondescript
D:3:      layout_basic, gammafunk_temple_overflow_claw
D:4:      minmay_recursive_quarters, layout_layer_cave, serial_shops,
          kennysheep_mini, shop, nicolae_wooded_promenade, dreamdust_gnoll_farm,
          uniq_robin

Skill      XL: |  1  2  3  4  5 |
---------------+----------------+-----
Air Magic      | 5 |  5.8
Conjurations   | 2 |  2.7
Fighting       | 1 |  1.4
Stealth        | 3 |  3.1
Dodging        | |  2.3
Spellcasting   | |  2.8

Action                     |  1- 3 |  4- 6 || total
---------------------------+-------+-------++-------
  Melee: Dagger            |     6 |     9 ||    15
         Kick              |     1 |     1 ||     2
         Peck              |     1 |       ||     1
   Cast: Shock             |    58 |    62 ||   120
         Static Discharge  |     4 |     7 ||    11
    Use: Scroll            |       |     3 ||     3
   Stab: Sleeping          |     3 |     6 ||     9
 Armour: Robe              |    13 |    20 ||    33
  Dodge: Dodged            |    23 |    23 ||    46
